 Dungeon Crawl Stone Soup version 0.30-b1-2-g02819fbbbe (webtiles) character file.

Game seed: 3159539610169736232

8 dorian the Poker (level 2, 24/24 HPs)
             Began as a Merfolk Berserker on May 2, 2023.
             Was a Follower of Trog.
             Quit the game on level 1 of the Dungeon on May 4, 2023.
             The game lasted 00:01:13 (144 turns).

dorian the Poker (Merfolk Berserker)                 Turns: 144, Time: 00:01:14

Health: 24/24      AC:  2    Str: 17    XL:     2   Next: 8%
Magic:  2/2        EV: 13    Int:  6    God:    Trog [*.....]
Gold:   18         SH:  0    Dex: 13    Spells: 1/1 levels left

rFire   . . .        a - +0 spear
rCold   . . .        (no shield)
rNeg    . . .        b - +0 animal skin
rPois   .            (no helmet)
rElec   .            (no cloak)
rCorr   .            (no gloves)
SInv    .            (no boots)
Will    .....        (no amulet)
Stlth   +            (no ring)
HPRegen 0.24/turn    (no ring)
MPRegen 0.08/turn

%: no passive effects
@: no status effects
A: (nimble swimmer 2), mertail
a: Renounce Religion, Berserk


You were on level 1 of the Dungeon.
You worshipped Trog.
Trog was aware of your devotion.
You visited 1 branch of the dungeon, and saw 1 of its levels.

You collected 18 gold pieces.

Inventory:

Hand Weapons
 a - a +0 spear (weapon)
Missiles
 d - 6 poisoned darts (quivered)
 e - 10 stones
Armour
 b - a +0 animal skin (worn)
Scrolls
 f - 4 scrolls of noise {unknown}
Potions
 c - a potion of curing {unknown}


   Skills:
 + Level 3.5 Fighting
 + Level 4.2 Polearms
 - Level 1.3 Armour
 + Level 3.1 Dodging


You had one spell level left.
You didn't know any spells.
Your spell library was empty.

Dungeon Overview and Level Annotations

Branches:
Dungeon (1/15)

Altars:


Innate Abilities, Weirdness & Mutations

((You are very nimble when in or above water. (Stealth+, EV+, Speed+++)))
Your lower body shifts to a powerful aquatic tail in water.


Message History

A hobgoblin comes into view.
You closely miss the rat. The rat misses you.
You hit the rat.
You kill the rat!
Trog accepts your kill.
Your Dodging skill increases to level 3!
A giant cockroach comes into view.
You reach to attack!
You barely miss the hobgoblin. You hit the hobgoblin but do no damage.
The hobgoblin misses you.
You hit the hobgoblin.
You kill the hobgoblin!
Trog accepts your kill.
You have reached level 2!
You reach to attack!
You hit the giant cockroach.
The giant cockroach is heavily wounded.
You hit the giant cockroach.
The giant cockroach is severely wounded.
The giant cockroach closely misses you.
You barely miss the giant cockroach.
The giant cockroach is severely wounded.
The giant cockroach barely misses you.
You closely miss the giant cockroach.
The giant cockroach is severely wounded.
The giant cockroach misses you.
You hit the giant cockroach.
You kill the giant cockroach!
Trog accepts your kill.
No target in view!
No target in view!
No target in view!
f - 4 scrolls labelled AJEBEQ RAPPISS (gained 1)
Found a dagger.
A rat comes into view.
A rat is nearby!
A rat is nearby!
A rat is nearby!
Welcome back, dorian the Merfolk Berserker.
Trog says: Kill them all!
Press ? for a list of commands and other information.
Are you sure you want to abandon this character and quit the game? (Confirm with "yes".)

r.# .. #.# #.#) #.# ...... #.#
.#.#.#. #.# #+ .......##.# ....
.#.#.#.#...##.....
..........@.......
#.#.#.#.#.#.........
............####....#
..#.#.#.#.#.#.### ...#
................################
...#.#.#.#.#.##.................
............##.................
#.#.#.#.#..##.................
#.........##............####.


You could see a rat (asleep).

Vanquished Creatures
  A ball python (D:1)
  A giant cockroach (D:1)
  A hobgoblin (D:1)
  3 bats (D:1)
  2 rats (D:1)
8 creatures vanquished.

Notes
Turn   | Place    | Note
-------+----------+-------------------------------------------
     0 | D:1      | dorian the Merfolk Berserker began the quest for the Orb.
     0 | D:1      | Reached XP level 1. HP: 18/18 MP: 1/1
   123 | D:1      | Reached XP level 2. HP: 24/24 MP: 2/2
   144 | D:1      | Quit the game

Illustrated notes

Levels and vault maps discovered:
D:1:      dpeg_arrival_solitude, layout_basic, hex_medium

Skill      XL: |  1 |
---------------+----+-----
Dodging        | 3 |  3.1
Fighting       | |  3.5
Polearms       | |  4.2
Armour         | |  1.3

Action                     || total
---------------------------++-------
  Melee: Spear             ||    31
         Punch             ||     2
 Armour: Animal skin       ||     8
  Dodge: Dodged            ||    15
